 Dungeon Sprint DCSS version 0.22-a0-348-gd16d139 (webtiles) character file.

62 emperorscorpion the Covert (level 3, -2/29 HPs)
             Began as a Vampire Assassin on Apr 8, 2018.
             Slain by a crimson imp (4 damage)
             ... in the Dungeon (Sprint IX: "|||||||||||||||||||||||||||||").
             The game lasted 00:00:30 (111 turns).

emperorscorpion the Covert (Vampire Assassin)        Turns: 111, Time: 00:00:31

Health: -2/29      AC:  3    Str: 11    XL:     3   Next: 85%
Magic:  3/3        EV: 13    Int: 13    God:
Gold:   0          SH:  0    Dex: 15    Spells: 2/2 levels left

rFire    . . .     SeeInvis +   a - +2 dagger
rCold    . . .     Gourm    .   (no shield)
rNeg     + . .     Faith    .   c - +0 robe
rPois    .         Spirit   .   (no helmet)
rElec    .         Reflect  .   d - +0 cloak
rCorr    .         Harm     .   (no gloves)
MR       .....     NoTele   +   (no boots)
Stlth    +++++.....             (no amulet)
HPRegen  0.09/turn              (no ring)
MPRegen  0.08/turn              (no ring)

@: no status effects
A: fangs 3, see invisible, unbreathing
a: Bat Form


You were in the Dungeon.
You were not thirsty.

You visited 1 branch

Inventory:

Hand Weapons
 a - a +2 dagger (weapon)
 b - a +0 blowgun
Missiles
 e - 8 poisoned needles
 f - 2 curare-tipped needles
Armour
 c - a +0 robe (worn)
 d - a +0 cloak (worn)
Scrolls
 m - a scroll of blinking
Potions
 g - 4 potions of blood
 h - a potion of curing
 i - a potion of heal wounds
 j - a potion of haste
 k - 2 potions of magic


   Skills:
 + Level 3.0 Fighting
 + Level 3.9 Short Blades
 + Level 2.0 Throwing
 + Level 2.1 Dodging
 + Level 10.7 Stealth


You had 2 spell levels left.
You didn't know any spells.

Dungeon Overview and Level Annotations

Branches:
Dungeon (1/1)

Altars:


Innate Abilities, Weirdness & Mutations

You have razor-sharp teeth.
You have supernaturally acute eyesight. (SInv)
You can survive without breathing.


Message History

The crimson imp closely misses you.
You miss the crimson imp. The crimson imp closely misses you.
You closely miss the crimson imp. The crimson imp hits you.
* * * LOW HITPOINT WARNING * * *
You hit the crimson imp.
The crimson imp is lightly wounded.
The crimson imp blinks!
There is an open door to the Dungeon, spattered with blood here.
Things that are here:
a short sword; a bat skeleton You barely miss the crimson imp.
You miss the crimson imp. The crimson imp hits you.
* * * LOW HITPOINT WARNING * * *
You barely miss the crimson imp. Your bite misses the crimson imp.
The crimson imp closely misses you.
You hit the crimson imp.
The crimson imp is lightly wounded.
The crimson imp barely misses you.
You closely miss the crimson imp. The crimson imp hits you.
You die...

▓.▓
▓.▓
▓.▓
▓'▓
▓.▓
▓†▓
▓.▓
▓5▓
▓@▓
▓)▓
▓.▓
▓.▓
▓.▓
▓<▓
▓▓▓


You could see a crimson imp.

Vanquished Creatures
  A scorpion (D)
  An adder zombie (D)
  A leopard gecko (D)
  A bat (D)
  A bat skeleton (D)
  A giant cockroach (D)
  A frilled lizard (D)
  A kobold (D)
  A rat (D)
9 creatures vanquished.

Notes
Turn   | Place    | Note
-------+----------+-------------------------------------------
     0 | D        | emperorscorpion the Vampire Assassin began the quest for the Orb.
     0 | D        | Reached XP level 1. HP: 16/16 MP: 1/1
     6 | D        | Reached skill level 6 in Stealth
    10 | D        | Reached skill level 7 in Stealth
    27 | D        | Noticed a crimson imp
    27 | D        | Noticed a scorpion
    44 | D        | Reached skill level 8 in Stealth
    44 | D        | Reached XP level 2. HP: 23/23 MP: 2/2
    53 | D        | Killed a scorpion
    53 | D        | Reached skill level 10 in Stealth
    53 | D        | Reached XP level 3. HP: 9/29 MP: 3/3
   111 | D        | Slain by a crimson imp

Vault maps used:
D:        linesprint

Skill      XL: |  1  2 |
---------------+-------+-----
Stealth        | 8 10 | 10.7
Fighting       | 2 3 |  3.0
Short Blades   | 3 |  3.9
Throwing       | 2 |  2.0
Dodging        | 2 |  2.1

Action                   || total
-------------------------++-------
Melee: Dagger            ||    68
       Bite              ||     4
  Use: Potion            ||     1
Armor: Robe              ||    15
Dodge: Dodged            ||    34

Table legend:
 A = Spawn XP
 B = Non-spawn XP
 C = Spawn XP percentage of total XP
 D = Spawn monster count
 E = Non-spawn monster count
 F = Spawn count percentage of total count
 G = Total turns spent on level
                    A         B        C        D         E        F      G
               +---------+---------+-------+---------+---------+-------+---------
         Total |       0 |      89 |   0.0 |       0 |       9 |   0.0 |   111
               +---------+---------+-------+---------+---------+-------+---------
             D |       0 |      89 |   0.0 |       0 |       9 |   0.0 |   111
               +---------+---------+-------+---------+---------+-------+---------
